Map: [ESL] Inside and Out

Players

Zoun

  • Race: Protoss Protoss
  • Spawn Location: 1:00

Astrea - Winner!

  • Race: Protoss Protoss
  • League: Master
  • Spawn Location: 7:00

Event: HomeStory Cup XXII

VOD

Have the link to the VOD?

Description

Time

  • Played on: Dec. 18, 2022, 11:49 a.m.
  • Length: 9:15

All games in this series

Show
View Real Time Build Order
Export as new Build Order

Zoun Protoss 

Build Orders: Blink Stalkers 

Get SALT Encoding   

  12  0:00  Probe  
  13  0:12  Probe  
  14  0:18  Pylon  
  14  0:24  Probe (Chrono Boost)  
  15  0:36  Probe (Chrono Boost)  
  15  0:37  Gateway  
  16  0:44  Probe (Chrono Boost)  
  16  0:48  Assimilator  
  17  0:50  Probe  
  18  1:03  Probe  
  19  1:17  Probe  
  20  1:24  Cybernetics Core  
  20  1:33  Zealot, Probe  
  20  1:34  Pylon  
  20  1:36  Assimilator  
  20  1:37  Pylon  
  23  1:53  Probe (Chrono Boost)  
  24  2:00  Adept, Probe (Chrono Boost)  
  27  2:03  Warp Gate  
  27  2:07  Probe  
  28  2:19  Probe  
  28  2:22  Nexus  
  29  2:30  Stalker  
  31  2:38  Pylon  
  31  2:53  Shield Battery  
  31  2:56  Probe (Chrono Boost)  
  32  3:00  Stalker  
  34  3:08  Probe (Chrono Boost)  
  34  3:12  Twilight Council  
  35  3:15  Probe (Chrono Boost)  
  36  3:21  Gateway  
  35  3:34  Probe  
  34  3:35  Probe  
  35  3:46  Probe (Chrono Boost)  
  35  3:47  Probe (Chrono Boost)  
  37  3:53  Blink (Chrono Boost)  
  37  3:55  Stalker  
  39  3:58  Probe (Chrono Boost)  
  39  3:59  Probe (Chrono Boost)  
  39  4:03  Shield Battery  
  39  4:07  Probe (Chrono Boost)  
  40  4:12  Probe  
  39  4:17  Gateway  
  39  4:18  Probe  
  39  4:21  Stalker  
  42  4:24  Stalker  
  42  4:26  Probe  
  42  4:30  Probe  
  46  4:38  Probe  
  47  4:45  Stalker  
  49  4:54  Nexus  
  49  4:55  Pylon  
  49  4:58  Probe  
  49  4:59  Probe  
  51  5:03  Robotics Facility  
  51  5:06  Sentry  
  53  5:08  Pylon  
  53  5:14  Probe x2  
  53  5:17  Sentry x2  
  53  5:18  Shield Battery  
  53  5:20  Assimilator  
  59  5:26  Probe  
  59  5:27  Probe  
  61  5:34  Stalker, Pylon  
  63  5:38  Probe  
  63  5:39  Probe  
  65  5:43  Stalker  
  65  5:44  Stalker  
  69  5:50  Observer (Chrono Boost)  
  69  5:52  Probe  
  69  5:55  Pylon  
  71  5:57  Gateway  
  71  5:59  Gateway  
  71  6:01  Probe  
  71  6:02  Observer  
  67  6:10  Observer (Chrono Boost)  
  63  6:19  Probe  
  63  6:21  Probe  
  63  6:25  Probe  
  65  6:31  Probe  
  65  6:32  Observer  
  66  6:34  Probe  
  66  6:37  Probe  
  68  6:41  Stalker x2  
  68  6:45  Probe  
  68  6:46  Probe  
  74  6:48  Warp Prism (Chrono Boost)  
  76  6:54  Stalker  
  76  6:57  Stalker  
  80  7:03  Probe  
  80  7:06  Probe (Chrono Boost)  
  78  7:10  Probe (Chrono Boost)  
  78  7:15  Probe (Chrono Boost)  
  80  7:19  Probe (Chrono Boost)  
  80  7:22  Probe (Chrono Boost)  
  82  7:25  Probe (Chrono Boost)  
  82  7:29  Probe x2 (Chrono Boost)  
  83  7:30  Forge  
  83  7:33  Adept x4, Probe  
  94  7:38  Probe  
  94  7:39  Pylon  
  94  7:42  Pylon  
  95  7:48  Probe  
  95  7:50  Probe  
  97  7:55  Probe  
  98  8:00  Probe  
  98  8:02  Probe  
  100  8:07  Probe  
  100  8:12  Probe  
  98  8:13  Stalker x2  
  98  8:19  Nexus, Observer  
  102  8:21  Pylon  
  102  8:29  Gateway  
  102  8:30  Gateway  
  102  8:31  Gateway x2  
  102  8:32  Shield Battery  
  102  8:34  Pylon  
  102  8:39  Shield Battery  
  102  8:45  Stalker x3  
  102  8:47  Stalker  
  110  8:49  Stalker  
  89  9:08  Stalker  
  89  9:09  Stalker x2  
Show
View Real Time Build Order
Export as new Build Order

Astrea Protoss - Winner!

Build Orders: Oracle Opening, Blink Stalkers 

Get SALT Encoding   

  12  0:00  Probe  
  13  0:12  Probe  
  14  0:17  Pylon  
  14  0:24  Probe (Chrono Boost)  
  16  0:36  Gateway, Probe (Chrono Boost)  
  16  0:43  Probe (Chrono Boost)  
  16  0:45  Assimilator  
  17  0:51  Probe  
  18  1:03  Probe (Chrono Boost)  
  19  1:13  Probe (Chrono Boost), Pylon  
  19  1:15  Assimilator  
  19  1:18  Probe (Chrono Boost)  
  20  1:25  Cybernetics Core  
  21  1:29  Probe  
  21  1:32  Pylon  
  24  1:40  Zealot  
  24  1:41  Probe  
  25  1:53  Probe  
  26  2:00  Pylon  
  26  2:02  Stargate  
  26  2:05  Probe  
  26  2:07  Adept  
  29  2:12  Pylon  
  29  2:17  Probe  
  29  2:21  Warp Gate  
  31  2:30  Probe  
  31  2:43  Nexus  
  31  2:49  Shield Battery  
  31  2:53  Probe  
  32  2:58  Oracle (Chrono Boost)  
  35  3:05  Probe  
  36  3:14  Shield Battery  
  36  3:17  Twilight Council  
  36  3:19  Probe  
  36  3:25  Stalker  
  38  3:31  Probe  
  39  3:40  Shield Battery  
  37  3:43  Probe  
  38  3:52  Gateway  
  38  3:54  Shield Battery, Blink (Chrono Boost)  
  38  3:55  Probe  
  42  3:56  Probe  
  40  4:07  Probe  
  44  4:12  Probe  
  45  4:18  Dark Shrine  
  45  4:19  Gateway, Probe  
  43  4:24  Probe  
  44  4:32  Gateway  
  44  4:33  Assimilator  
  44  4:35  Probe  
  45  4:40  Probe  
  46  4:47  Probe  
  46  4:52  Probe  
  48  4:55  Pylon  
  48  4:59  Probe  
  49  5:04  Probe  
  49  5:06  Pylon  
  50  5:08  Nexus  
  50  5:11  Probe  
  51  5:20  Stalker x2  
  55  5:27  Probe x2  
  57  5:30  Shield Battery, Dark Templar  
  57  5:31  Dark Templar  
  61  5:39  Probe x2  
  63  5:43  Dark Templar  
  65  5:51  Probe  
  65  5:56  Probe, Pylon  
  67  6:03  Probe  
  68  6:08  Probe  
  67  6:15  Dark Templar, Probe  
  70  6:20  Probe, Stalker x3  
  70  6:21  Probe  
  76  6:28  Probe  
  76  6:32  Probe  
  78  6:33  Charge (Chrono Boost), Probe  
  78  6:34  Pylon  
  78  6:37  Gateway  
  78  6:38  Forge  
  77  6:40  Probe, Pylon  
  77  6:44  Probe  
  80  6:47  Gateway  
  80  6:49  Gateway x2  
  80  6:52  Stalker x2, Pylon  
  83  6:58  Protoss Ground Weapons Level 1 (Chrono Boost)  
  82  7:02  Stalker x2  
  84  7:10  Robotics Facility  
  84  7:13  Probe x3  
  84  7:15  Assimilator  
  87  7:19  Pylon  
  87  7:22  Stalker x2  
  91  7:27  Stalker x2  
  95  7:40  Pylon  
  95  7:44  Assimilator  
  95  7:48  Stalker x4  
  100  7:53  Zealot x3  
  105  8:05  Warp Prism (Chrono Boost)  
  107  8:15  Stalker x6  
  118  8:23  Stalker  
  120  8:27  Pylon x2  
  120  8:29  Photon Cannon  
  120  8:33  Observer (Chrono Boost)  
  121  8:38  Pylon  
  121  8:40  Stalker x2  
  125  8:50  Stalker x3  
  125  8:51  Pylon  
  127  8:57  Stalker x2  
  119  9:05  Zealot x2  
Tags
 
Add a new tag
Caveats
  • Supply blocks, unpowered buildings, or Contaminate may cause inaccurate times.
  • Supply counts are checked every 10 seconds.